Description

This build is like the Adept push all-in, but begins with stargate and 2 oracles pressure.

Replay - IIIIIIIIIIII v IIIIIIIIIIII - New Gettysburg LE

Build Order

Get SALT Encoding   

  12  0:02  Probe (Chrono Boost)  
  13  0:12  Probe (Chrono Boost)  
  14  0:20  Pylon  
  14  0:23  Probe (Chrono Boost)  
  15  0:39  Probe (Chrono Boost)  
  15  0:42  Gateway  
  16  0:46  Assimilator  
  16  0:49  Probe (Chrono Boost)  
  17  0:58  Assimilator  
  17  1:00  Probe (Chrono Boost)  
  18  1:08  Gateway  
  18  1:12  Probe (Chrono Boost)  
  19  1:23  Probe (Chrono Boost)  
  20  1:30  Cybernetics Core  
  20  1:34  Probe (Chrono Boost)  
  21  1:43  Pylon  
  21  1:44  Probe (Chrono Boost)  
  22  1:56  Probe (Chrono Boost)  
  23  2:06  Warp Gate, Adept x2  
  27  2:10  Mothership Core (Chrono Boost)  
  29  2:22  Pylon  
  29  2:29  Probe (Chrono Boost)  
  30  2:40  Stargate  
  30  2:43  Probe (Chrono Boost)  
  31  2:49  Stalker x2  
  33  3:03  Probe (Chrono Boost)  
  34  3:17  Pylon  
  29  3:33  Oracle  
  29  3:35  Probe (Chrono Boost)  
  32  3:42  Nexus  
  33  3:50  Probe (Chrono Boost)  
  33  4:02  Probe (Chrono Boost)  
  34  4:04  Oracle  
  37  4:14  Probe (Chrono Boost)  
  38  4:19  Robotics Facility  
  38  4:26  Probe (Chrono Boost)  
  39  4:31  Pylon  
  39  4:51  Probe (Chrono Boost)  
  40  4:53  Sentry  
  40  4:54  Sentry  
  40  4:56  Probe (Chrono Boost)  
  45  5:03  Gateway, Probe (Chrono Boost)  
  45  5:06  Probe (Chrono Boost)  
  48  5:15  Probe (Chrono Boost), Immortal  
  48  5:17  Probe (Chrono Boost)  
  53  5:25  Assimilator  
  53  5:27  Probe x2 (Chrono Boost)  
  55  5:29  Twilight Council  
  55  5:38  Probe (Chrono Boost)  
  55  5:39  Probe (Chrono Boost)  
  57  5:43  Pylon  
  57  5:48  Probe (Chrono Boost)  
  58  5:53  Resonating Glaives  
  58  5:54  Probe (Chrono Boost)  
  58  5:56  Immortal  
  59  5:59  Probe (Chrono Boost)  
  59  6:03  Pylon  
  64  6:09  Adept x2  
  64  6:10  Probe (Chrono Boost)  
  70  6:11  Probe (Chrono Boost)  
  70  6:20  Pylon  
  70  6:23  Pylon  
  70  6:33  Observer  
  70  6:34  Gateway  
  70  6:37  Gateway  
  71  6:40  Gateway  
  71  6:49  Gateway  
  71  6:51  Pylon  
  71  7:00  Warp Prism  
  69  7:05  Adept x3  
  75  7:24  Nexus  
  75  7:26  Probe (Chrono Boost)  
  75  7:28  Pylon  
  75  7:29  Adept x3  
  82  7:30  Pylon  
  82  7:42  Adept x3  
  85  7:57  Adept x2  
  85  7:58  Adept x2  
  93  8:02  Adept x3  
  95  8:28  Adept x7, Observer  
  106  8:37  Probe (Chrono Boost)  
  106  8:38  Probe x2 (Chrono Boost)  
  105  8:51  Sentry x2  
  105  8:52  Sentry, Adept x3  
  105  8:54  Adept  
  119  8:58  Probe (Chrono Boost)  
  119  8:59  Pylon  
  120  9:03  Pylon  
Spawning Tool Build Advisor. Get it on Overwolf

Analysis

This build is safer against stargate or DT builds than the Immortal Adept all-in

Go to:

Details

  • Created by: Zeruell
  • Published on: Sep 16, 2016
  • Modified on: Sep 17, 2016
  • Patch: Pre-3.8.0
Show
View Real Time Build Order
Export as new Build Order

Comments (3)

On Sept. 18, 2016, 12:02 a.m., -EU-OldCamel  said:

great build thanks a lot :)

On Sept. 18, 2016, 12:02 a.m., -EU-OldCamel  said:

great build thanks a lot :)

On Sept. 18, 2016, 12:02 a.m., -EU-OldCamel  said:

great build thanks a lot :)

Create an account to comment!